cohdb
Replays
Latest Replays
All Replays
Popular Replays
Top Player Replays
Match Explorer
How It Works
Community
CoH3 Stats
Reddit
Sign in to upload your games and track your stats! →
Sign in with Steam
Match 45758930
Unlisted
Match 45758930
Overview
Messages
Build Orders
End
Royal Engineer Section
Construct Section Command Post
Dingo Light Scout Car
Infantry Section
Infantry Section
Construct Platoon Command Post
Infantry Section
Humber Armored Car
Construct Field Infirmary
Infantry Training
6-pounder Anti-tank Gun Team
Selects Heavy Armor Battlegroup
Selects Light Vehicle Withdraw and Refit
Selects Radio Net
Selects Rigorous Vehicle Training
Selects Forward Repair Assembly
ML 3-inch Mortar Team
Construct Company Command Post
Foot Guards Section
Selects UNKNOWN (2162094)
Churchill IV Heavy Tank
Selects Recon Artillery
Grenade Package
Crusader II Medium Tank
Armored Vehicle Training
Recon Artillery
Unlock Towed 17-pounder Anti-tank Guns
17-pounder Anti-tank Gun Team
Crusader II Medium Tank
Crusader II Medium Tank
Foot Guards Section
Recon Artillery
rocketpossum
Panzerfaust
0
0
Comments
sign in to comment!
No comments posted yet!